 Dungeon Crawl Stone Soup version 0.32-a0-886-g41c5271027 (webtiles) character file.

Game seed: 8060475959406914896

218857 inkslinger the Severer (level 18, -12/168 (172) HPs)
             Began as a Mountain Dwarf Fighter on Mar 28, 2024.
             Was the Champion of Beogh.
             Mangled by Murdo the orc apostle
             ... wielding the +7 war axe of the Crafting Gods {freeze, rPois Str-2 SInv}
              (28 damage)
             ... on level 3 of the Spider Nest on Apr 2, 2024.
             The game lasted 01:08:56 (27370 turns).

inkslinger the Severer (Mountain Dwarf Fighter)    Turns: 27370, Time: 01:08:57

HP:   -12/168 (172) AC: 33    Str: 27    XL:     18   Next: 43%
MP:   30/30         EV: 10    Int: 17    God:    Beogh [******]
Gold: 3120          SH:  0    Dex:  9    Spells: 17/17 levels left

rFire   + . .        a - +7 broad axe (drain)
rCold   + . .        E - +0 kite shield
rNeg    . . .        Q - +9 chain mail "Ufaehab" {Int+2}
rPois   .            D - +2 helmet
rElec   +            G - scarf {repulsion}
rCorr   .            Y - +0 pair of gloves of Least Resistance {rC+ Stlth+}
SInv    +            k - +2 pair of boots {Stlth+}
Will    ++...        x - amulet "Haomn" {*Slow Regen+ RegenMP+ Int+3} Stlth
                     d - +4 ring of protection
HPRegen 1.28/turn    F - ring "Kifis" {Wiz rF+ Int+3 Slay+2}
MPRegen 0.62/turn

%: slow self (1%), repel missiles, wizardry (x1)
@: confused, mighty, ambrosia-drunk, studying Unarmed Combat, lightly drained
A: walk on water, runic magic, artefact enchanting, see invisible, strong-willed
1, electricity resistance, MP-powered wands, noise suppression
}: 1/15 runes: gossamer
a: Renounce Religion, Smiting, Recall Apostles, Blood for Blood, Dismiss Alork,
warrior, Dismiss Borgun, priest, Dismiss Rocco, warrior


You were on level 3 of the Spider Nest.
You worshipped Beogh.
Beogh was exalted by your worship.
You visited 4 branches of the dungeon, and saw 26 of its levels.
You also visited: Gauntlet and Ice Cave.

You collected 4950 gold pieces.
You spent 1830 gold pieces at shops.

Inventory:

Hand Weapons
 a - a +7 broad axe of draining (weapon)
 b - a +1 broad axe of freezing
Missiles
 f - 7 datura-tipped darts
 g - 4 throwing nets
 l - 5 atropa-tipped darts
 p - 4 darts of dispersal
 A - 10 curare-tipped darts
 J - 5 javelins (quivered)
Armour
 h - a +1 pair of gloves
 k - a +2 pair of boots of stealth (worn)
 D - a +2 helmet (worn)
 E - a +0 kite shield (worn)
 G - a scarf of repulsion (worn)
 O - the scarf of Defiance {+Inv, rC+ Will+}
   (You bought it in a shop on level 7 of the Dungeon)

   rC+:       It protects you from cold.
   Will+:     It increases your willpower.
 P - the +0 pair of boots of Impatience {rElec Int+5}
   (You found it in an ice cave)

   Int+5:     It affects your intelligence (+5).
   rElec:     It insulates you from electricity.
 Q - the +9 chain mail "Ufaehab" (worn) {Int+2}
   (You bought it in a shop on level 1 of the Orcish Mines)

   Int+2:     It affects your intelligence (+2).
 Y - the +0 pair of gloves of Least Resistance (worn) {rC+ Stlth+}
   (You found it on level 4 of the Spider Nest)

   rC+:       It protects you from cold.
   Stlth+:    It makes you more stealthy.
Jewellery
 d - a +4 ring of protection (left hand)
 q - a +6 ring of strength
 u - a ring of protection from cold
 x - the amulet "Haomn" (around neck) {*Slow Regen+ RegenMP+ Int+3}
   (You found it on level 5 of the Lair of Beasts)

   [amulet of magic regeneration]

   It increases your rate of magic regeneration.
   Int+3:     It affects your intelligence (+3).
   Regen+:    It increases your rate of health regeneration.
   *Slow:     It may slow you when you take damage.
   RegenMP+:  It increases your rate of magic regeneration.
 F - the ring "Kifis" (right hand) {Wiz rF+ Int+3 Slay+2}
   (You found it on level 15 of the Dungeon)

   [ring of wizardry]

   Wiz:       It improves your spell success rate.
   Int+3:     It affects your intelligence (+3).
   Slay+2:    It affects your accuracy & damage with ranged weapons and melee
   (+2).
   rF+:       It protects you from fire.
 V - the ring "Wuplif" {Wiz rPois rN+ Dex-3}
   (You found it in a Gauntlet)

   [ring of wizardry]

   Wiz:       It improves your spell success rate.
   Dex-3:     It affects your dexterity (-3).
   rPois:     It protects you from poison.
   rN+:       It protects you from negative energy.
Talismans
 w - a granite talisman
Wands
 c - a wand of quicksilver (6)
 m - a wand of flame (41)
 M - a wand of charming (5)
 R - a wand of digging (5)
 T - a wand of mindburst (11)
Scrolls
 n - 4 scrolls of poison
 o - 9 scrolls of teleportation
 r - 5 scrolls of vulnerability
 s - 5 scrolls of immolation
 B - 2 scrolls of brand weapon
 K - 4 scrolls of fog
 S - 3 scrolls of fear
 Z - 2 scrolls of silence
Potions
 e - a potion of might
 i - 2 potions of cancellation
 j - 3 potions of enlightenment
 t - 9 potions of mutation
 v - 4 potions of resistance
 z - 6 potions of lignification
 H - a potion of magic
 I - 3 potions of haste
 L - 2 potions of invisibility
 N - 2 potions of attraction
 X - 9 potions of ambrosia
Miscellaneous
 U - a phantom mirror (inert)
 W - a lightning rod (4/4)


   Skills:
 - Level 18.0 Fighting
 - Level 18.0 Axes
 - Level 6.0 Throwing
 - Level 10.4 Armour
 - Level 10.0 Dodging
 - Level 13.5 Shields
 + Level 17.2 Invocations


You had 17 spell levels left.
You didn't know any spells.
Your spell library contained the following spells:

 Spells                   Type           Power      Damage    Failure   Level
 Freeze                   Ice            0%         1d3       19%         1
 Sting                    Conj/Alch      0%         1d3       19%         1
 Cigotuvi's Dreadful Rot  Necr/Alch/Air  0%         N/A       28%         2
 Ensorcelled Hibernation  Hex/Ice        0%         N/A       28%         2
 Mercury Vapours          Alch/Air       0%         N/A       28%         2
 Frozen Ramparts          Ice            0%         1d1       47%         3
 Hailstorm                Conj/Ice       0%         3d5       47%         3
 Passwall                 Erth           0%         N/A       47%         3
 Swiftness                Air            0%         N/A       47%         3
 Teleport Other           Tloc           0%         N/A       47%         3
 Ignite Poison            Fire/Alch      0%         N/A       86%         4
 Leda's Liquefaction      Alch/Erth      0%         N/A       86%         4
 Olgreb's Toxic Radiance  Alch           0%         N/A       86%         4
 Petrify                  Alch/Erth      0%         N/A       86%         4
 Sticky Flame             Fire/Alch      0%         2d4       86%         4
 Vhi's Electric Charge    Tloc/Air       0%         N/A       86%         4
 Alistair's Intoxication  Alch           0%         N/A       99%         5
 Arcjolt                  Conj/Air       0%         1d10      99%         5
 Borgnjor's Vile Clutch   Necr/Erth      0%         N/A       99%         5
 Freezing Cloud           Conj/Ice/Air   0%         6-21      99%         5
 Iskenderun's Battlesphe  Conj           0%         2d6       99%         5
 Metabolic Englaciation   Hex/Ice        0%         N/A       99%         5
 Summon Forest            Summ/Tloc      0%         N/A       99%         5
 Summon Mana Viper        Hex/Summ       0%         N/A       99%         5
 Bombard                  Conj/Erth      0%         9d1       100%        6
 Dispersal                Tloc           0%         N/A       100%        6
 Eringya's Noxious Bog    Alch           0%         4d6       100%        6
 Gell's Gavotte           Tloc           0%         2d(11-16) 100%        6
 Plasma Beam              Fire/Air       0%         2x1d10    100%        6
 Summon Cactus Giant      Summ           0%         N/A       100%        6
 Ozocubu's Refrigeration  Ice            0%         4d7       100%        7
 Spellforged Servitor     Conj/Summ      0%         N/A       100%        7
 Ignition                 Fire           0%         3d3       100%        8


Dungeon Overview and Level Annotations

Branches:
Dungeon (15/15)            Temple (0/1) D:6            Lair (5/5) D:9
 Shoals (0/4) Lair:3       Spider (4/4) Lair:3        Slime (0/5) Lair:5
    Orc (2/2) D:9             Elf (0/3) Orc:2        Vaults (0/5) D:14
 Depths (0/4) D:15          IceCv (visited)         Gauntlet (visited)

Altars:
Ashenzari
Cheibriados
Dithmenos
Fedhas
Gozag
Kikubaaqudgha
Nemelex Xobeh
Trog
Zin
The Shining One
Beogh

Shops:
D:2 (   D:7 *   Orc:1 [   Orc:2 (:*?(:((

Annotations:
D:5 4 runed translucent doors, Crazy Yiuf; SageDae's ghost, novice DEHu
Lair:2 2 transporters, Ruich's ghost, journeyman DEAl


Innate Abilities, Weirdness & Mutations

You can walk on water.
Your facial features are unmistakably orcish.
Your spellcasting is much less encumbered by armour.
You can use scrolls of enchantment on lesser artefacts.
You have supernaturally acute eyesight. (SInv)
You are strong-willed. (Will+)
You are resistant to electric shocks. (rElec)
You expend magic power (3 MP) to strengthen your wands.
You passively dampen the noise of your surroundings.


Message History

As you read the scroll of blinking, it crumbles to dust.
Okay, then.
Aiming: Phantom Mirror
Press: ? - help, Dir - move target, f - Murdo
Aim: Murdo the orc apostle, wielding the +7 war axe of the Crafting Gods {freeze, rPois Str-2 SInv}, wearing a +2 scale mail and wearing a +0 kite shield (heavily wounded, strong, lightly drained, empowered by the touch of Beogh, target of orcish vengeance)
You reflect Murdo with the mirror!
The mirror clouds!
You are confused.
You feel invigorated.
Murdo casts a spell.
Space momentarily warps into an impossible shape!
Murdo hits the orc warrior from afar with the +7 war axe of the Crafting Gods!
Murdo freezes the orc warrior.
Murdo hits the orc knight from afar with the +7 war axe of the Crafting Gods!!
Murdo freezes the orc knight!
Murdo hits Murdo but does no damage.
Murdo casts a spell.
Space momentarily warps into an impossible shape!
Murdo hits Murdo from afar with the +7 war axe of the Crafting Gods!
Murdo freezes Murdo.
Murdo hits you from afar with the +7 war axe of the Crafting Gods!
* * * LOW HITPOINT WARNING * * *
Murdo freezes you.
* * * LOW HITPOINT WARNING * * *
Murdo no longer looks unusually strong.
Murdo no longer looks unusually strong.
The orc knight unwields a +2 halberd.
The orc knight wields a +0 arbalest.
The orc knight shoots a bolt.
The bolt completely misses you.
Murdo casts a spell.
Space momentarily warps into an impossible shape!
Murdo hits Murdo with the +7 war axe of the Crafting Gods!!
Murdo freezes Murdo!
Murdo hits you but does no damage.
You're too confused to move!
The orc knight no longer looks unusually strong.
The orc warrior no longer looks unusually strong.
Murdo hits Murdo with the +7 war axe of the Crafting Gods.
Murdo freezes Murdo.
Murdo mumbles some strange words.
Space momentarily warps into an impossible shape!
Murdo blocks Murdo's attack.
Murdo hits you from afar with the +7 war axe of the Crafting Gods!!
You die...

........#....†##....# #
.#.............#...## #
...##^.....#..###..##
..............##....#
......#...†.........#
........#..^.#.....##
..^..#...#^.##.....#
.#...#......##.....##
.#...#.#.....#..@...## #
............###......# ###
.....#^#..###^.......# #^.
........^.^.....^...### #.^
..#..^..^......o#.###^#########.#
.^#............o#.^..............
..#..#.......^...oo...##########.
..........<...††.^....# ##
......#....#........### #


You could see an orc knight (target of vengeance), Murdo the orc apostle
(distracted, drained, ally target, divinely empowered, target of vengeance), an
orc warrior (target of vengeance) and the friendly Murdo the orc apostle
(summoned, drained, target of vengeance).

Vanquished Creatures
  An Ice Fiend (IceCv)
  Rupert (Orc:2)
  Gastronok (Lair:3)
  Agnes (Spider:4)
  Roxanne (Spider:4)
  4 emperor scorpions
  3 ghost moths
  A broodmother (Spider:4)
  Nessos (D:12)
  A minotaur (Gauntlet)
  An entropy weaver (Spider:4)
  A vault guard (D:14)
  A rakshasa (D:15)
  Harold (D:9)
  A catoblepas (Lair:5)
  6 boulder beetles
  A hydra (Lair:5)
  3 ogre magi (Orc:2)
  A death knight (D:15)
  A jorogumo (Spider:4)
  2 radroaches (Spider:2)
  2 death scarabs (Spider:4)
  4 centaur warriors
  14 two-headed ogres
  3 demonic crawlers (Spider:4)
  A tengu warrior (Gauntlet)
  2 orc high priests
  Nergalle (D:12)
  3 skysharks
  A sixfirhy (Gauntlet)
  8 pharaoh ants
  3 orb spiders
  A deep troll (D:14)
  An arcanist (D:13)
  A bog body (IceCv)
  An obsidian statue (IceCv)
  6 spriggan simulacra (IceCv)
  A harpy (shapeshifter) (D:15)
  A steelbarb worm (Spider:4)
  A sun moth (Spider:4)
  3 deep elf pyromancers
  An orc knight (Spider:1)
  A spectral jorogumo (Spider:4)
  A necromancer (D:15)
  16 wolf spiders
  4 orc sorcerers
  3 ugly things
  3 cyclopes
  4 meliai
  A manticore (D:15)
  Maurice (D:8)
  14 elephants
  5 moths of wrath
  A rust devil (D:14)
  A kobold blastminer (Orc:1)
  Joseph (D:7)
  4 centaur zombies (D:15)
  4 black mambas
  A merfolk siren (Lair:3)
  2 ice statues (Spider:1)
  10 cane toads
  An efreet (D:15)
  Jeremiah (D:7)
  4 torpor snails
  3 spectral redbacks (Spider:4)
  An unseen horror (D:10)
  4 gargoyles
  4 freezing wraiths
  2 rime drakes
  A redback zombie (Spider:4)
  4 komodo dragons
  5 ice devils (IceCv)
  2 tengu conjurers
  2 golden dragon simulacra (IceCv)
  An anaconda simulacrum (IceCv)
  Psyche (D:8)
  8 trolls
  4 polar bears
  2 spectral tarantellas (Spider:4)
  A queen bee (Spider:3)
  A spectral jumping spider (Spider:4)
  13 hornets
  15 tarantellas
  9 blink frogs
  3 alligator simulacra (IceCv)
  A jumping spider zombie (Spider:4)
  8 jumping spiders
  2 dream sheep (Lair:2)
  A shadow (D:12)
  4 slime creatures
  10 culicivoras
  11 spriggans (Lair:5)
  6 wraiths
  8 wyverns
  9 vampire mosquitoes
  5 wargs
  60 yaks
  2 basilisks
  A steam dragon (D:4)
  21 redbacks
  13 minotaur simulacra (IceCv)
  Menkaure (D:7)
  2 harpy simulacra (IceCv)
  6 acid dragons
  14 water moccasins
  A hydra simulacrum (IceCv)
  5 orc warriors
  3 black bears (Lair:5)
  2 ice beasts
  A sky beast (D:7)
  3 boggarts (Lair:5)
  8 ogres
  24 wolves
  8 centaurs
  5 phantoms
  2 kobold brigands
  12 bullfrogs
  3 scorpions
  3 gnoll sergeants
  6 wights
  7 deep troll simulacra (IceCv)
  25 killer bees
  2 lindwurm simulacra (IceCv)
  4 howler monkeys
  An electric eel (Lair:3)
  2 bombardier beetles (D:4)
  10 jellies
  2 orc priests (Spider:1)
  4 sleepcaps
  Jessica (D:2)
  2 gnoll boudas
  8 orc wizards
  Terence (D:3)
  Robin (D:3)
  20 gnolls
  9 adders
  A white imp (D:7)
  3 ufetubi (Gauntlet)
  A dart slug (D:3)
  4 ribbon worms
  34 orcs
  21 endoplasms
  5 giant cockroaches
  22 goblins
  14 hobgoblins
  18 kobolds
  2 quokkas (D:2)
  9 ball pythons
  7 bats
  6 frilled lizards
  6 rats
  2 spectral weapons (Spider:4)
787 creatures vanquished.

Vanquished Creatures (collateral kills)
  The ghost of Ushroca the Thaumaturge, an adept DrIE of Ashenzari (Spider:3)
  An emperor scorpion (Spider:4)
  A spark wasp (Spider:4)
  Josephine (Lair:4)
  Snorg (D:12)
  The ghost of NotBatman the Cleaver, a journeyman MiBe of Trog (D:10)
  2 hydras (D:10)
  2 ogre magi
  A radroach (Spider:4)
  2 jorogumos
  3 boulder beetles
  5 two-headed ogres
  5 death scarabs (Spider:4)
  3 demonic crawlers
  A pharaoh ant (Spider:2)
  A spriggan simulacrum (IceCv)
  A steelbarb worm (Spider:2)
  3 orb spiders
  3 deep elf pyromancers
  11 wolf spiders
  A centaur zombie (D:15)
  A cyclops (D:13)
  2 meliai (Spider:3)
  2 elephants (Lair:5)
  3 moths of wrath
  2 cane toads (Lair:2)
  A merfolk siren (Lair:3)
  2 torpor snails
  An orange demon (D:14)
  2 rime drakes
  An anaconda simulacrum (IceCv)
  3 polar bears
  A troll (D:13)
  2 hornets (Lair:4)
  A spectral jumping spider (Spider:4)
  A blink frog (Lair:3)
  5 tarantellas
  3 spectral tarantellas (Spider:4)
  A slime creature (D:14)
  7 culicivoras
  2 spriggans (Lair:5)
  7 jumping spiders
  2 wraiths
  2 wargs (Orc:2)
  9 yaks
  9 redbacks
  3 vampire mosquitoes
  An acid dragon (D:10)
  4 water moccasins
  A black bear (Lair:5)
  An orc warrior (Orc:1)
  8 ogres
  A boggart (Lair:5)
  3 wolves (Lair:5)
  A deep troll simulacrum (IceCv)
  2 scorpions (Lair:3)
  9 killer bees
  4 gnolls (D:9)
  4 orcs
  25 foxfires
189 creatures vanquished.

Vanquished Creatures (others)
  11 orc apostles
  A wolf spider (Spider:4)
  An orc warrior (Spider:1)
  A gnoll sergeant (D:9)
  3 orc wizards
  2 gnolls (D:9)
  19 orcs
  2 kobolds (D:8)
  527 foxfires
  3 spectral weapons
570 creatures vanquished.

Grand Total: 1546 creatures vanquished

Notes
Turn   | Place    | Note
-------+----------+-------------------------------------------
     0 | D:1      | inkslinger the Mountain Dwarf Fighter began the quest for
                  | the Orb.
     0 | D:1      | Reached XP level 1. HP: 19/19 MP: 1/1
   115 | D:1      | Reached XP level 2. HP: 21/26 MP: 2/2
   771 | D:2      | Reached XP level 3. HP: 31/33 MP: 3/3
   936 | D:2      | Noticed Jessica
   942 | D:2      | Killed Jessica
   966 | D:2      | Found Voni's Antique Weapon Shoppe.
  1109 | D:2      | Reached XP level 4. HP: 37/40 MP: 4/4
  1472 | D:3      | Noticed Robin
  1512 | D:3      | Reached skill level 5 in Axes
  1516 | D:3      | Gained mutation: You are strong-willed. (Will+) [potion of
                  | mutation]
  1516 | D:3      | Gained mutation: You expend magic power (3 MP) to
                  | strengthen your wands. [potion of mutation]
  1516 | D:3      | Gained mutation: You have hidden genetic potential. [potion
                  | of mutation]
  1516 | D:3      | Gained mutation: You are resistant to electric shocks.
                  | (rElec) [potion of mutation]
  1837 | D:3      | Killed Robin
  1917 | D:3      | Reached XP level 5. HP: 43/47 MP: 5/5
  2033 | D:3      | Noticed Terence
  2046 | D:3      | Killed Terence
  2048 | D:3      | Gained mutation: You have supernaturally acute eyesight.
                  | (SInv) [hidden potential]
  2268 | D:3      | Found a blossoming altar of Fedhas.
  2278 | D:3      | Found a glowing golden altar of the Shining One.
  2435 | D:3      | Reached skill level 5 in Fighting
  2583 | D:4      | Noticed a phantom
  2583 | D:4      | Noticed a steam dragon
  2628 | D:4      | Reached XP level 6. HP: 56/56 MP: 6/6
  2777 | D:4      | Gained mutation: You passively dampen the noise of your
                  | surroundings. [hidden potential]
  2777 | D:4      | Lost mutation: You have hidden genetic potential. [hidden
                  | potential expressed]
  2964 | D:4      | Found a snail-covered altar of Cheibriados.
  3894 | D:5      | Entered Level 5 of the Dungeon
  3894 | D:5      | Noticed an ice beast
  4034 | D:5      | Found a runed translucent gate.
  4035 | D:5      | Found a runed translucent gate.
  4098 | D:5      | Reached XP level 7. HP: 62/62 MP: 7/7
  4167 | D:5      | Found a runed translucent gate.
  4836 | D:5      | Found an opulent altar of Gozag.
  4859 | D:5      | Found a sparkling altar of Nemelex Xobeh.
  4869 | D:5      | Found a broken altar of Ashenzari.
  4939 | D:5      | Found a runed translucent door.
  4940 | D:5      | Noticed Crazy Yiuf
  4984 | D:5      | Noticed SageDae's ghost (novice DEHu)
  5043 | D:5      | Noticed a yak
  5146 | D:4      | Killed a steam dragon
  5147 | D:4      | Reached XP level 8. HP: 22/71 MP: 8/8
  5610 | D:6      | Found a staircase to the Ecumenical Temple.
  5660 | D:6      | Reached skill level 10 in Axes
  5871 | D:6      | Found a bloodstained altar of Trog.
  6053 | D:6      | Noticed a two-headed ogre
  6062 | D:6      | Killed a two-headed ogre
  6063 | D:6      | Reached XP level 9. HP: 36/81 MP: 9/9
  6189 | D:6      | Became a worshipper of Beogh the Shepherd
  6555 | D:7      | Noticed Menkaure
  6560 | D:7      | Killed Menkaure
  6607 | D:7      | Reached * piety under Beogh
  6657 | D:7      | Noticed Jeremiah
  6675 | D:7      | Killed Jeremiah
  6699 | D:7      | Noticed Joseph
  6720 | D:7      | Killed Joseph
  6905 | D:7      | Found a glowing silver altar of Zin.
  6944 | D:7      | Found a shadowy altar of Dithmenos.
  6953 | D:7      | Reached XP level 10. HP: 93/93 MP: 10/10
  6989 | D:7      | Found an ancient bone altar of Kikubaaqudgha.
  7004 | D:7      | Found Ibudoir's Assorted Antiques.
  7011 | D:7      | Bought a scroll labelled GUOBBE UWKYICK for 17 gold pieces
  7011 | D:7      | Bought a fizzy puce potion for 15 gold pieces
  7011 | D:7      | Bought a scroll of identify for 34 gold pieces
  7011 | D:7      | Bought a fizzy puce potion for 15 gold pieces
  7011 | D:7      | Bought 3 scrolls of identify for 102 gold pieces
  7083 | D:7      | Reached skill level 10 in Fighting
  7596 | D:8      | Noticed Psyche
  7601 | D:8      | Reached skill level 15 in Axes
  7610 | D:8      | Reached ** piety under Beogh
  7629 | D:8      | Killed Psyche
  8124 | D:8      | Noticed Maurice
  8128 | D:8      | Maurice stole a +3 flail
  8132 | D:8      | Maurice stole 6 curare-tipped darts
  8133 | D:8      | Maurice stole an amulet of faith
  8134 | D:8      | Maurice stole a +0 kite shield
  8140 | D:8      | Maurice stole 152 gold
  8149 | D:8      | Killed Maurice
  8442 | D:9      | Found a staircase to the Lair.
  8546 | D:7      | Bought a scorched scarf for 170 gold pieces
  8546 | D:7      | Identified the scarf of Defiance {+Inv, rC+ Will+} (You
                  | bought it in a shop on level 7 of the Dungeon)
  8908 | D:9      | Noticed Harold
  8919 | D:9      | Killed Harold
  8920 | D:9      | Reached XP level 11. HP: 54/104 MP: 11/11
  9037 | D:9      | Reached skill level 1 in Invocations
  9252 | D:9      | Noticed a two-headed ogre
  9294 | D:9      | Killed a two-headed ogre
  9401 | D:9      | Found a staircase to the Orcish Mines.
  9427 | D:9      | Reached skill level 5 in Shields
 10001 | D:10     | Entered Level 10 of the Dungeon
 10070 | D:10     | Reached *** piety under Beogh
 10092 | D:10     | Identified the +0 robe of the Great Game {rF+}
 10092 | D:10     | Noticed Orbeogh
 10104 | D:10     | Anointed Orbeogh the wizard as your apostle
 10440 | D:10     | Found a runed translucent gate.
 10440 | D:10     | Found a runed translucent gate.
 10446 | D:10     | Reached skill level 5 in Invocations
 10464 | D:10     | Found a runed translucent gate.
 10465 | D:10     | Noticed NotBatman's ghost (journeyman MiBe)
 10465 | D:10     | Noticed a ten-headed hydra
 10466 | D:10     | Noticed a nine-headed hydra
 10907 | D:11     | Noticed a two-headed ogre
 10913 | D:11     | Killed a two-headed ogre
 10935 | D:11     | Noticed a two-headed ogre
 10941 | D:11     | Killed a two-headed ogre
 11019 | D:11     | Noticed an ettin
 11054 | D:11     | Noticed a two-headed ogre
 11060 | D:11     | Killed a two-headed ogre
 11302 | D:11     | Noticed a deep elf pyromancer
 11302 | D:11     | Noticed a centaur warrior
 11310 | D:11     | Noticed an ogre mage
 11317 | D:11     | Noticed a tengu warrior
 11462 | D:7      | Bought a potion of curing for 51 gold pieces
 11462 | D:7      | Bought a potion of lignification for 51 gold pieces
 11517 | Lair:1   | Entered Level 1 of the Lair of Beasts
 11685 | Lair:1   | Noticed Alork
 11697 | Lair:1   | Anointed Alork the warrior as your apostle
 11735 | Lair:1   | Reached XP level 12. HP: 112/112 MP: 17/17
 11900 | Lair:1   | Reached skill level 10 in Shields
 12277 | Lair:2   | Found a transporter.
 12281 | Lair:2   | Noticed Ruich's ghost (journeyman DEAl)
 12287 | Lair:2   | Noticed a five-headed hydra
 12297 | Lair:2   | Reached **** piety under Beogh
 12322 | Lair:2   | Found a gate leading to a gauntlet.
 12339 | Gauntlet | Entered a Gauntlet
 12339 | Gauntlet | Found a transporter.
 12339 | Gauntlet | Found a runed translucent door.
 12345 | Gauntlet | Found a runed translucent door.
 12349 | Gauntlet | Found a transporter.
 12349 | Gauntlet | Noticed a tengu warrior
 12351 | Gauntlet | Found a transporter.
 12362 | Gauntlet | Found a transporter.
 12365 | Gauntlet | Found a transporter.
 12369 | Gauntlet | Noticed a hell hog
 12374 | Gauntlet | Found a transporter.
 12374 | Gauntlet | Noticed a seven-headed hydra
 12389 | Gauntlet | Found a transporter.
 12393 | Gauntlet | Found a runed translucent door.
 12401 | Gauntlet | Found a transporter.
 12403 | Gauntlet | Noticed a reaper
 12413 | Gauntlet | Found a transporter.
 12427 | Gauntlet | Found a transporter.
 12442 | Gauntlet | Found a transporter.
 12442 | Gauntlet | Found a transporter.
 12493 | Gauntlet | Found a transporter.
 12514 | Gauntlet | Found a transporter.
 12603 | Gauntlet | Killed a tengu warrior
 12720 | Gauntlet | Identified the ring "Wuplif" {Wiz rPois rN+ Dex-3}
 12755 | Gauntlet | Noticed a minotaur
 12768 | Gauntlet | Killed a minotaur
 12987 | Lair:2   | Found a transporter.
 13064 | Lair:2   | Reached skill level 10 in Invocations
 13562 | Lair:3   | Found a hole to the Spider Nest.
 13562 | Lair:3   | Noticed a boulder beetle
 13575 | Lair:3   | Killed a boulder beetle
 13579 | Lair:3   | Reached XP level 13. HP: 103/118 MP: 14/21
 13587 | Lair:3   | Noticed Zartorak
 13606 | Lair:3   | Anointed Zartorak the wizard as your apostle
 13697 | Lair:3   | Noticed Gastronok
 13711 | Lair:3   | Killed Gastronok
 14280 | Lair:3   | Found a staircase to the Shoals.
 14495 | Lair:4   | Noticed Josephine
 14509 | Lair:4   | Killed Josephine
 15069 | Lair:4   | Reached skill level 15 in Invocations
 15237 | Lair:4   | Found a broken altar of Ashenzari.
 15586 | D:10     | Reached ***** piety under Beogh
 15587 | D:10     | Reached skill level 5 in Armour
 15592 | D:10     | Killed NotBatman's ghost
 15799 | Lair:5   | Entered Level 5 of the Lair of Beasts
 15839 | Lair:5   | Reached XP level 14. HP: 118/127 MP: 25/25
 15852 | Lair:5   | Found the +15 Maxwell's patent armour {-Cast -Tele rElec
                  | Will+ rCorr}
 16301 | Lair:5   | Your ally Zartorak died
 16309 | Lair:5   | Anointed Borgun the priest as your apostle
 16536 | Lair:5   | Your ally Borgun died
 16627 | Lair:5   | Reached ****** piety under Beogh
 16642 | Lair:5   | Identified the amulet "Haomn" {*Slow Regen+ RegenMP+ Int+3}
 16953 | Lair:5   | Found a staircase to the Slime Pits.
 17454 | D:12     | Noticed Nessos
 17462 | D:12     | Killed Nessos
 17821 | D:12     | Reached skill level 15 in Fighting
 17855 | D:12     | Noticed Snorg
 17866 | D:12     | Killed Snorg
 17900 | D:12     | Noticed Nergalle
 17911 | D:12     | Killed Nergalle
 18452 | D:13     | Reached XP level 15. HP: 141/141 MP: 26/26
 19261 | D:14     | Found a gate to the Vaults.
 19756 | D:15     | Entered Level 15 of the Dungeon
 20066 | D:15     | Reached skill level 10 in Armour
 20084 | D:15     | Found a staircase to the Depths.
 20191 | D:15     | Identified the +2 robe of Qosa Ijo {rF- MP+9 Int+2}
 20591 | D:15     | Your ally Orbeogh died
 20615 | D:15     | Identified the ring "Kifis" {Wiz rF+ Int+3 Slay+2}
 20882 | Orc:1    | Entered Level 1 of the Orcish Mines
 20882 | Orc:1    | Found Qaptik's Armour Boutique.
 21017 | Orc:1    | Found a roughly hewn altar of Beogh.
 21315 | Orc:2    | Entered Level 2 of the Orcish Mines
 21315 | Orc:2    | Found a staircase to the Elven Halls.
 21328 | Orc:2    | Noticed Rupert
 21335 | Orc:2    | Killed Rupert
 21385 | Orc:2    | Your ally Borgun died
 21473 | Orc:2    | Found Guejusis's Book Shop.
 21494 | Orc:2    | Found a roughly hewn altar of Beogh.
 21518 | Orc:2    | Found Fesoel's Antique Weapon Shop.
 21547 | Orc:2    | Found Jammaed's Book Boutique.
 21647 | Orc:2    | Found Joujegez's Magic Scroll Shoppe.
 21661 | Orc:2    | Found Feebleyd's Assorted Antiques.
 21691 | Orc:2    | Found Taqaczil's Antique Weapon Boutique.
 21866 | Orc:2    | Found Erucemoz's Weapon Shop.
 22008 | Orc:2    | Found Fossul's Antique Weapon Boutique.
 22016 | Orc:2    | Reached skill level 1 in Dodging
 22072 | Orc:2    | Bought a warped executioner's axe for 465 gold pieces
 22072 | Orc:2    | Identified the +5 executioner's axe of Moral Flaws {holy,
                  | +Blink rPois MP-9 Int-2} (You bought it in a shop on level
                  | 2 of the Orcish Mines)
 22250 | Spider:1 | Entered Level 1 of the Spider Nest
 22257 | Spider:1 | Reached skill level 1 in Throwing
 22546 | Spider:1 | Reached XP level 16. HP: 112/148 MP: 6/27
 22547 | Spider:1 | Paralysed by a jorogumo for 3 turns
 22554 | Spider:1 | Your ally Alork died
 22555 | Spider:1 | Your ally Orbeogh died
 22577 | Spider:1 | HP: 1/136 [jorogumo/bolt of negative energy (39)]
 22982 | Spider:1 | Found a glacial archway.
 22992 | Spider:1 | Your ally Borgun died
 23007 | IceCv    | Entered an ice cave
 23355 | IceCv    | Noticed an Ice Fiend
 23381 | IceCv    | Killed an Ice Fiend
 23549 | IceCv    | Identified the +0 pair of boots of Impatience {rElec Int+5}
 23558 | IceCv    | Got Joikhlimp's Handbook of the Glacier
 23670 | IceCv    | Reached skill level 5 in Dodging
 23954 | Spider:1 | Identified the +1 halberd of the Depths {speed, Will++
                  | Int+2}
 23964 | Spider:1 | Your ally Alork died
 23985 | Spider:1 | Anointed Rocco the warrior as your apostle
 24582 | Orc:1    | Bought the +9 chain mail "Ufaehab" {Int+2} for 910 gold
                  | pieces
 24759 | Spider:2 | Identified the +1 leather armour of Bad Feelings {rElec
                  | rCorr Int+2 Slay-3}
 25049 | Spider:2 | Reached skill level 5 in Throwing
 25756 | Spider:3 | Identified a scroll of acquirement
 25758 | Spider:3 | Noticed Ushroca's ghost (adept DrIE)
 25762 | Spider:3 | Found a runed translucent door.
 26016 | Spider:3 | Reached XP level 17. HP: 95/163 MP: 28/28
 26025 | Spider:3 | Killed Ushroca's ghost
 26081 | Spider:3 | Acquired 508 gold pieces
 26113 | Spider:4 | Entered Level 4 of the Spider Nest
 26114 | Spider:4 | Upgraded the game from 0.32-a0-868-g153ae1a8d6 to
                  | 0.32-a0-886-g41c5271027
 26114 | Spider:4 | Noticed Roxanne
 26152 | Spider:4 | Killed Roxanne
 26210 | Spider:4 | Noticed Agnes
 26224 | Spider:4 | Killed Agnes
 26488 | Spider:4 | Reached XP level 18. HP: 172/172 MP: 29/29
 26757 | Spider:4 | Reached skill level 10 in Dodging
 26885 | Spider:4 | Got a gossamer rune of Zot
 26898 | Spider:4 | Identified the +0 pair of gloves of Least Resistance {rC+
                  | Stlth+}
 27346 | Spider:3 | Identified the +7 war axe of the Crafting Gods {freeze,
                  | rPois Str-2 SInv}
 27358 | Spider:3 | Your ally Borgun died
 27358 | Spider:3 | Your ally Rocco died
 27360 | Spider:3 | Your ally Alork died
 27365 | Spider:3 | HP: 7/168 [Murdo the orc apostle/the +7 war axe of the
                  | Crafting Gods {freeze, rPois Str-2 SInv} (21)]
 27368 | Spider:3 | HP: 3/168 [Murdo the orc apostle/the +7 war axe of the
                  | Crafting Gods {freeze, rPois Str-2 SInv} (1)]
 27370 | Spider:3 | Mangled by Murdo the orc apostle

Illustrated notes

Levels and vault maps discovered:
D:1:      evilmike_arrival_crescent, layout_loops_ring, minmay_misc_feat_square,
          minmay_liquid_box, minmay_octomino_j4
D:2:      layout_loops_ring, serial_shops, shop, kennysheep_pointless_box,
          minmay_close_crescents, uniq_jessica
D:3:      layout_basic, amethyst_overflow_temple_binary, uniq_terence,
          uniq_robin
D:4:      layout_loops_corners, mainiacjoe_overflow_small_starburst
D:5:      corexii_shantytown, layout_basic, mainiacjoe_overflow_big_doors,
          ebering_ghost_gozag, uniq_crazy_yiuf_cottage
D:6:      lemuel_slime, layout_basic, mainiacjoe_overflow_paths,
          minmay_temple_entry_from_below_b
D:7:      layout_cave_pools, grunt_dithmenos_shadows, general_overflow_altar,
          lemuel_doored_altar, serial_shops, shop, hangedman_decor_slide_cut,
          grunt_decor_resistance, hangedman_decor_peaks_small, st_stairs_7,
          eino_small_chamber_without_monster, minmay_manual_monolith,
          uniq_jeremiah, uniq_joseph, uniq_menkaure
D:8:      nicolae_hitomezashi [nicolae_hito_row, nicolae_hito_row,
          nicolae_hito_row, nicolae_hito_row, nicolae_hito_row,
          nicolae_hito_row, nicolae_hito_row, nicolae_hito_row,
          nicolae_hito_row, nicolae_hito_row, nicolae_hito_row,
          nicolae_hito_row, nicolae_hito_row, nicolae_hito_row,
          nicolae_hito_row, nicolae_hito_row, nicolae_hito_row,
          nicolae_hito_row], layout_basic, serial_rivers,
          chequers_serial_rivers_marsh, chequers_serial_rivers_marsh,
          chequers_serial_rivers_marsh, chequers_serial_rivers_large_a,
          chequers_serial_rivers_micro_a, uniq_psyche, uniq_maurice
D:9:      layout_cave_pods, lair_entry_dummy,
          kennysheep_orc_monster_closet_entryway, nicolae_zig_zag_zippers,
          uniq_harold
D:10:     layout_loops_ring, gammafunk_ghost_hydra_chop
D:11:     layout_long_grid, onia_ninara_dug_in_and_dangerous
D:12:     layout_loops_cross, uniq_nergalle, uniq_snorg, uniq_nessos
D:13:     layout_irregular_city
D:14:     layout_loops_ring, david_vaults_4, nicolae_figureground_sparkle,
          statue_in_the_mist_lemuel
D:15:     grunt_enter_depths_magical_seal, layout_gridville, nicolae_wwwww
Lair:1:   layout_big_grid
Lair:2:   layout_regular_city, gammafunk_ghost_berserking_beasts,
          gauntlet_entry_generic
Lair:3:   layout_regular_city, elwin_shoals_entry_rooms,
          nicolae_spider_entry_non_spiders, chequers_serial_rivers_marsh,
          uniq_gastronok
Lair:4:   layout_concentric_octagons, basic_altar, dreamdust_wasp_nest,
          uniq_josephine
Lair:5:   minmay_lair_end_enchanted_forest, layout_cave_pods,
          dpeg_slime_entry_enclosed, grunt_megastairs_4
Spider:1: layout_cave_pods, portal_ice_cave_entry_ice_statue_two,
          hangedman_spider_tarantella_strand
Spider:2: layout_spider_delve
Spider:3: layout_spider_delve, special_room [special_room_bee],
          hellmonk_ghost_happy_afterlife
Spider:4: floodkiller_spider_rune_tomb, uniq_roxanne, uniq_agnes
Orc:1:    layout_caves, basic_altar, serial_shops, shop
Orc:2:    st_orc_town, layout_diamond_mine, serial_shops, shop,
          nicolae_shop_peninsula, nicolae_shop_crystal,
          nicolae_shop_overgrown_old_shop, uniq_rupert

Skill      XL: |  1  2  3  4  5  6  7  8  9 10 11 12 13 14 15 16 17 18 |
---------------+-------------------------------------------------------+-----
Axes           | 3 4 5 6 7 9 11 14 16 18 | 18.0
Fighting       | 4 5 6 8 9 12 15 18 | 18.0
Invocations    | 7 10 15 17 | 17.2
Shields        | 9 13 | 13.5
Armour         | 5 7 10 | 10.4
Dodging        | 2 8 9 10 | 10.0
Throwing       | 2 5 6 |  6.0

Action                     |  1- 3 |  4- 6 |  7- 9 | 10-12 | 13-15 | 16-18 || total
---------------------------+-------+-------+-------+-------+-------+-------++-------
  Melee: War axe           |   114 |   212 |   340 |   600 |   218 |       ||  1484
         Broad axe         |       |       |       |       |   724 |   597 ||  1321
         Flail             |       |       |       |       |     6 |       ||     6
  Throw: Javelin           |       |     2 |    20 |    34 |       |     9 ||    65
         Dart              |       |       |     8 |    15 |       |       ||    23
         Throwing net      |       |       |       |     7 |       |       ||     7
 Invoke: Convert to Beogh  |       |       |     1 |       |       |       ||     1
         Recruit Apostle   |       |       |       |     2 |     2 |     1 ||     5
         Recall Apostles   |       |       |       |     3 |     5 |     6 ||    14
         Smiting           |       |       |       |     2 |     3 |     2 ||     7
         Dismiss Apostle   |       |       |       |       |     1 |     1 ||     2
         Blood for Blood   |       |       |       |       |     1 |     2 ||     3
  Evoke: Wand              |       |       |       |       |     3 |     3 ||     6
         Phantom mirror    |       |       |       |       |       |     1 ||     1
    Use: Potion            |       |     6 |     4 |     6 |     5 |    14 ||    35
         Scroll            |       |     4 |     6 |    11 |    13 |     5 ||    39
   Stab: Held in net/web   |       |       |       |     2 |       |     2 ||     4
         Distracted        |       |       |       |     2 |    15 |     4 ||    21
         Invisible         |       |       |       |       |       |     1 ||     1
 Armour: Scale mail        |    87 |    49 |       |       |       |       ||   136
         Chain mail        |       |   141 |   193 |   472 |   411 |   337 ||  1554
         Skin              |       |       |    24 |       |       |       ||    24
         Plate armour      |       |       |       |       |   264 |   174 ||   438
         Ice dragon scales |       |       |       |       |       |    81 ||    81
  Dodge: Dodged            |    61 |    81 |   103 |   143 |   197 |   191 ||   776
         Repelled          |       |       |       |       |       |     2 ||     2
  Block: Buckler           |    24 |    34 |    41 |    65 |       |       ||   164
         Kite shield       |       |       |       |    80 |   454 |   345 ||   879

Table legend: (Time is in decaauts)
 A = Elapsed time spent in this place.
 B = Non-inter-level travel time spent in this place.
 C = Inter-level travel time spent in this place.
 D = Time resting spent in this place.
 E = Time spent auto-exploring this place.
 F = Levels seen in this place.
 G = Mean time per level.
                   A        B        C        D        E       F      G
               +--------+--------+--------+--------+--------+-----+--------+
         Total |  27090 |  24591 |   2499 |   1123 |  18236 |  28 |  967.5 |
       Dungeon |  15163 |  13874 |   1289 |    968 |  10200 |  15 | 1010.9 |
          Lair |   5435 |   4490 |    945 |      0 |   3461 |   5 | 1087.0 |
   Spider Nest |   3849 |   3678 |    171 |    101 |   2684 |   4 |  962.2 |
  Orcish Mines |   1260 |   1168 |     92 |      2 |    996 |   2 |  630.0 |
      Ice Cave |    888 |    888 |      0 |     51 |    523 |   1 |  888.0 |
      Gauntlet |    493 |    493 |      0 |      0 |    371 |   1 |  493.0 |
               +--------+--------+--------+--------+--------+-----+--------+

Top non-repeatable levels by time:
     D:4: 1817 daAuts
     D:9: 1477 daAuts
  Lair:5: 1434 daAuts
     D:8: 1309 daAuts
Spider:1: 1270 daAuts
     D:5: 1224 daAuts
Spider:4: 1173 daAuts
  Lair:4: 1103 daAuts
  Lair:3: 1051 daAuts
     D:2: 983 daAuts
    D:15: 977 daAuts
    D:10: 948 daAuts
  Lair:2: 946 daAuts
     D:6: 944 daAuts
     D:3: 940 daAuts
